 Dungeon Crawl Stone Soup version 0.27-a0-59-gfbafd837a3 (webtiles) character file.

Game seed: 7544553518432388520

144 Borgoz the Slasher (level 5, -1/36 HPs)
             Began as a Halfling Abyssal Knight on Jan 8, 2021.
             Was a Follower of Lugonu.
             Slain by Grinder (3 damage)
             ... on level 3 of the Dungeon.
             The game lasted 00:03:08 (2361 turns).

Borgoz the Slasher (Halfling Abyssal Knight)        Turns: 2361, Time: 00:03:09

Health: -1/36      AC:  8    Str: 20    XL:     5   Next: 51%
Magic:  0/6        EV: 15    Int: 10    God:    Lugonu [*.....]
Gold:   130        SH:  0    Dex: 14    Spells: 4/4 levels left

rFire    . . .     SeeInvis .   a - +1 falchion
rCold    . . .     Faith    .   (shield restricted)
rNeg     . . .     Spirit   +   b - +0 leather armour
rPois    .         Reflect  .   l - +2 helmet
rElec    .         Harm     .   (no cloak)
rCorr    .         Rampage  .   n - +1 pair of gloves
Will     +....                  (no boots)
Stlth    +.........             h - amulet of guardian spirit
HPRegen  0.12/turn              j - +6 ring of strength
MPRegen  0.10/turn              d - ring of willpower

@: no status effects
A: small, mutation resistance 1
a: Renounce Religion, Depart the Abyss


You were on level 3 of the Dungeon.
You worshipped Lugonu.
Lugonu was aware of your devotion.
You visited 1 branch of the dungeon, and saw 3 of its levels.
You visited the Abyss 1 time.

You collected 130 gold pieces.

Inventory:

Hand Weapons
 a - a +1 falchion (weapon)
Armour
 b - a +0 leather armour (worn)
 l - a +2 helmet (worn)
 n - a +1 pair of gloves (worn)
Jewellery
 d - a ring of willpower (right hand)
 h - an amulet of guardian spirit (around neck)
 j - a +6 ring of strength (left hand)
 k - an uncursed ring of fire
Scrolls
 c - 2 scrolls of identify
 e - 2 scrolls of enchant weapon
 g - a scroll of magic mapping
 i - a scroll of remove curse
 m - 2 scrolls of blinking
 o - a scroll of amnesia {unknown}


   Skills:
 + Level 3.3 Fighting
 * Level 3.6 Long Blades
 + Level 3.2 Armour
 + Level 2.5 Dodging
 - Level 2.0 Invocations


You had 4 spell levels left.
You didn't know any spells.
Your spell library was empty.

Dungeon Overview and Level Annotations

Branches:
Dungeon (3/15)

Altars:

Annotations:
D:3 Grinder


Innate Abilities, Weirdness & Mutations

You are small and have problems with some larger weapons.
You are somewhat resistant to further mutation.


Message History

You slash Grinder!
Grinder is moderately wounded.
Grinder gestures at you. You resist with almost no effort.
You closely miss Grinder.
Grinder is moderately wounded.
Grinder hits you. x2; You writhe in agony.
You slash Grinder!
Grinder is heavily wounded.
Grinder hits you.
You closely miss Grinder.
Grinder is heavily wounded.
Grinder hits you!
* * * LOW HITPOINT WARNING * * *
You writhe in agony.
* * * LOW HITPOINT WARNING * * *
You hit Grinder.
Grinder is heavily wounded.
Grinder hits you.
You die...

#.# #.# #.# ##### #.#
#...#####.#########.##
#.......#.#...@5..?..#
#...###.#.#.#######..#
##.## #.....##....
###.####..#.........
#.....###....##.####
#.###.# ##.#.# # #.#
.# #...# #.###.# ###.#
#.....# #.#


You could see Grinder.

Vanquished Creatures
  5 adders (D:2)
  4 gnolls (D:2)
  4 worms
  A leopard gecko (D:2)
  3 giant cockroaches
  7 hobgoblins
  5 jackals
  4 kobolds
  4 bats
  4 frilled lizards
  5 goblins
  4 rats
50 creatures vanquished.

Vanquished Creatures (others)
  A fungus (D:3)
1 creature vanquished.

Grand Total: 51 creatures vanquished

Notes
Turn   | Place    | Note
-------+----------+-------------------------------------------
     0 | Abyss:1  | Borgoz the Halfling Abyssal Knight began the quest for the
                  | Orb.
     0 | Abyss:1  | Reached XP level 1. HP: 15/15 MP: 2/2
    18 | Abyss:1  | Found a corrupted altar of Lugonu.
    35 | Abyss:1  | Noticed a small abomination
    36 | Abyss:1  | Noticed a large abomination
    39 | D:1      | Escaped the Abyss
   321 | D:1      | Reached XP level 2. HP: 1/20 MP: 3/3
   882 | D:1      | Reached * piety under Lugonu
  1180 | D:2      | Reached XP level 3. HP: 15/25 MP: 1/4
  1390 | D:2      | Reached XP level 4. HP: 27/31 MP: 3/5
  1945 | D:2      | Reached XP level 5. HP: 23/36 MP: 3/6
  2346 | D:3      | Noticed Grinder
  2352 | D:3      | Paralysed by Grinder for 4 turns
  2361 | D:3      | Slain by Grinder

Illustrated notes

Levels and vault maps discovered:
D:1:      co_arrival_square_in_a_square_in_a_square, layout_rooms
D:2:      layout_rooms, kennysheep_generic_room_4
D:3:      layout_loops_ring, uniq_crazy_yiuf_cottage, uniq_grinder

Skill      XL: |  1  2  3  4 |
---------------+-------------+-----
Fighting       | 3 |  3.3
Dodging        | 2 |  2.5
Long Blades    | 3 |  3.6
Armour         | 3 |  3.2
Invocations    | |  2.0

Action                   |  1- 3 |  4- 6 || total
-------------------------+-------+-------++-------
Melee: Falchion          |    75 |   102 ||   177
Invok: Depart the Abyss  |     1 |       ||     1
  Use: Potion            |     1 |     2 ||     3
       Scroll            |       |     6 ||     6
Armor: Leather armour    |    22 |    22 ||    44
Dodge: Dodged            |    60 |    62 ||   122
       Rpst.: Falchion   |    22 |    19 ||    41

Table legend: (Time is in decaauts)
 A = Elapsed time spent in this place.
 B = Non-inter-level travel time spent in this place.
 C = Inter-level travel time spent in this place.
 D = Time resting spent in this place.
 E = Time spent auto-exploring this place.
 F = Levels seen in this place.
 G = Mean time per level.
                   A        B        C        D        E       F      G
               +--------+--------+--------+--------+--------+-----+--------+
         Total |   2385 |   2320 |     65 |    497 |   1401 |   4 |  596.2 |
       Dungeon |   2346 |   2281 |     65 |    497 |   1366 |   3 |  782.0 |
         Abyss |     39 |     39 |      0 |      0 |     35 |   1 |   39.0 |
               +--------+--------+--------+--------+--------+-----+--------+

Top non-repeatable levels by time:
     D:1: 1084 daAuts
     D:2: 1051 daAuts
     D:3: 210 daAuts
 Abyss:1: 39 daAuts
